General information
- name: BNet
- type: Ladder team game (AT/RT)
- host: Battle.net
- saver: TIMG4STRok
map: SilverpineForest
- players: 6
- length: 14:06
- speed: Fast
- version: 1.24 W3XP
- replay type:

» download(113 KB)
Players
team 1 (winner)
2xbackwrdzgldr (
purple | 97 APM | 1369 actions | 14:05)
4 Archmage
2 Summon Water Elemental
2 Brilliance Aura
2 Mountain King
1 Storm Bolt
1 Bash
» actions
| Assign group hotkey | 222 | |
| Basic commands | 15 | |
| Build / train | 62 | |
| Enter build submenu | 24 | |
| Enter hero's abilities submenu | 6 | |
| Give item / drop item | 5 | |
| Right click | 530 | |
| Select / deselect | 225 | |
| Select group hotkey | 210 | |
| Use ability | 70 | |
1369 total
» units
| Peasant | 21 | |
| Sorceress | 2 | |
| Spell Breaker | 4 | |
| Priest | 4 | |
31 total
» upgrades
| Masonry | 1 | |
| Sorceress Training | 1 | |
| Swords | 1 | |
| Plating | 1 | |
4 total
» buildings
| Altar of Kings | 1 | |
| Farm | 7 | |
| Lumber Mill | 1 | |
| Scout Tower | 10 | |
| Guard Tower | 5 | |
| Keep | 2 | |
| Arcane Vault | 1 | |
| Blacksmith | 1 | |
| Arcane Sanctum | 2 | |
30 total
» build order
00:04 Altar of Kings
00:04 Farm
00:48 Lumber Mill
01:42 Farm
03:15 Scout Tower
03:16 Scout Tower
03:48 Guard Tower
03:48 Guard Tower
04:21 Farm
04:22 Scout Tower
04:24 Scout Tower
05:02 Scout Tower
05:02 Scout Tower
05:55 Guard Tower
06:06 Guard Tower
06:46 Keep
06:49 Arcane Vault
06:52 Farm
06:53 Farm
07:03 Scout Tower
07:04 Scout Tower
07:04 Scout Tower
07:05 Scout Tower
08:10 Farm
08:12 Blacksmith
09:14 Arcane Sanctum
09:15 Arcane Sanctum
10:00 Guard Tower
13:40 Farm
» items
| Scroll of Regeneration | 1 | |
| Lesser Clarity Potion | 2 | |
| Scroll of Town Portal | 1 | |
| Potion of Healing | 1 | |
5 total
glitchstep (
blue | 161 APM | 2270 actions | 14:05)
2 Archmage
1 Summon Water Elemental
1 Brilliance Aura
1 Paladin
1 Holy Light
» actions
| Assign group hotkey | 259 | |
| Basic commands | 2 | |
| Build / train | 68 | |
| Enter build submenu | 25 | |
| Enter hero's abilities submenu | 3 | |
| Remove unit from queue | 4 | |
| Right click | 1157 | |
| Select / deselect | 487 | |
| Select group hotkey | 111 | |
| Use ability | 154 | |
2270 total
» units
| Peasant | 17 | |
| Footman | 9 | |
| Rifleman | 4 | |
30 total
» upgrades
» buildings
| Altar of Kings | 1 | |
| Barracks | 1 | |
| Farm | 6 | |
| Scout Tower | 9 | |
| Arcane Tower | 5 | |
| Keep | 1 | |
| Blacksmith | 2 | |
| Lumber Mill | 1 | |
| Guard Tower | 14 | |
| Town Hall | 1 | |
41 total
» build order
00:04 Altar of Kings
00:18 Barracks
00:20 Farm
01:23 Farm
02:24 Farm
02:52 Scout Tower
03:36 Scout Tower
04:16 Arcane Tower
04:16 Arcane Tower
04:16 Arcane Tower
04:19 Farm
04:21 Keep
06:14 Blacksmith
06:15 Lumber Mill
06:29 Scout Tower
07:04 Arcane Tower
07:04 Arcane Tower
09:15 Blacksmith
09:17 Scout Tower
09:18 Scout Tower
09:18 Scout Tower
09:52 Guard Tower
09:52 Guard Tower
09:58 Guard Tower
09:58 Guard Tower
10:11 Scout Tower
10:13 Scout Tower
10:14 Scout Tower
10:17 Guard Tower
10:17 Guard Tower
10:56 Guard Tower
10:57 Guard Tower
10:57 Guard Tower
11:09 Town Hall
14:04 Farm
14:04 Farm
TIMG4STRok (
teal | 101 APM | 1427 actions | 14:06)
5 Keeper of the Grove
3 Entangling Roots
2 Thorns Aura
» actions
| Assign group hotkey | 15 | |
| Basic commands | 39 | |
| Build / train | 46 | |
| Enter build submenu | 18 | |
| Enter hero's abilities submenu | 5 | |
| Right click | 820 | |
| Select / deselect | 151 | |
| Select group hotkey | 295 | |
| Use ability | 38 | |
1427 total
» units
» upgrades
| Ultravision | 1 | |
| Strength of the Wild | 1 | |
| Reinforced Hides | 1 | |
| Upgrade Moon Glaive | 1 | |
4 total
» buildings
| Moon Well | 6 | |
| Tree of Life | 1 | |
| Altar of Elders | 1 | |
| Hunter's Hall | 1 | |
| Ancient of War | 2 | |
| Tree of Ages | 1 | |
| Ancient Protector | 1 | |
| Tree of Eternity | 1 | |
| Ancient of Wind | 2 | |
| Ancient of Wonders | 1 | |
| Chimaera Roost | 2 | |
19 total
» build order
00:18 Moon Well
00:57 Tree of Life
02:08 Altar of Elders
02:30 Hunter's Hall
02:45 Moon Well
03:29 Ancient of War
03:29 Ancient of War
03:31 Moon Well
04:17 Moon Well
06:51 Tree of Ages
06:55 Ancient Protector
09:10 Moon Well
09:11 Moon Well
09:14 Tree of Eternity
09:17 Ancient of Wind
09:19 Ancient of Wonders
11:17 Ancient of Wind
12:31 Chimaera Roost
12:34 Chimaera Roost
» items
| Orb of Venom | 1 | |
| Potion of Healing | 1 | |
| Lesser Clarity Potion | 1 | |
| Boots of Speed | 1 | |
| Scroll of Healing | 1 | |
| Dust of Appearance | 1 | |
6 total
team 2 (loser)
Gz]DeSyS (
red | 95 APM | 1275 actions | 13:24)
3 Death Knight
1 Death Coil
2 Unholy Aura
1 Priestess of the Moon
1 Trueshot Aura
» actions
| Assign group hotkey | 120 | |
| Basic commands | 84 | |
| Build / train | 33 | |
| Enter build submenu | 12 | |
| Enter hero's abilities submenu | 4 | |
| Right click | 481 | |
| Select / deselect | 195 | |
| Select group hotkey | 299 | |
| Use ability | 47 | |
1275 total
» units
| Acolyte | 3 | |
| Ghoul | 4 | |
| Crypt Fiend | 6 | |
13 total
» upgrades
| Creature Attack | 2 | |
| Web | 1 | |
| Burrow | 1 | |
4 total
» buildings
| Altar of Darkness | 1 | |
| Ziggurat | 7 | |
| Crypt | 2 | |
| Tomb of Relics | 1 | |
| Graveyard | 1 | |
| Halls of the Dead | 1 | |
| Spirit Tower | 1 | |
14 total
» build order
00:05 Altar of Darkness
00:07 Ziggurat
00:34 Crypt
00:52 Tomb of Relics
01:15 Ziggurat
02:22 Graveyard
02:30 Crypt
04:31 Ziggurat
04:34 Ziggurat
08:17 Halls of the Dead
09:22 Spirit Tower
12:27 Ziggurat
12:29 Ziggurat
12:44 Ziggurat
» items
| Rod of Necromancy | 2 | |
| Scroll of Town Portal | 1 | |
| Potion of Healing | 1 | |
| Sacrificial Skull | 1 | |
5 total
Gz]KawaI) (
pink | 47 APM | 639 actions | 13:33)
3 Priestess of the Moon
2 Trueshot Aura
1 Searing Arrows
» actions
| Build / train | 15 | |
| Enter build submenu | 9 | |
| Enter hero's abilities submenu | 3 | |
| Right click | 471 | |
| Select / deselect | 113 | |
| Use ability | 28 | |
639 total
» units
» buildings
| Altar of Elders | 2 | |
| Moon Well | 2 | |
| Hunter's Hall | 1 | |
| Ancient of War | 1 | |
| Ancient Protector | 1 | |
7 total
» build order
00:11 Altar of Elders
00:21 Moon Well
01:40 Hunter's Hall
01:56 Ancient of War
02:48 Ancient Protector
06:54 Altar of Elders
07:00 Moon Well
Gz]Police (
orange | 49 APM | 695 actions | 14:05)
3 Tauren Chieftain
2 Endurance Aura
1 War Stomp
» actions
| Build / train | 43 | |
| Enter build submenu | 10 | |
| Enter hero's abilities submenu | 4 | |
| Right click | 387 | |
| Select / deselect | 217 | |
| Use ability | 34 | |
695 total
» units
| Peon | 6 | |
| Troll Headhunter/Berserker | 24 | |
30 total
» upgrades
» buildings
| Altar of Storms | 1 | |
| Orc Burrow | 4 | |
| War Mill | 1 | |
| Barracks | 2 | |
| Voodoo Lounge | 2 | |
| Stronghold | 1 | |
| Fortress | 1 | |
12 total
» build order
00:10 Altar of Storms
00:12 Orc Burrow
00:37 War Mill
00:48 Barracks
01:58 Barracks
02:07 Orc Burrow
02:31 Voodoo Lounge
05:35 Stronghold
06:49 Orc Burrow
06:53 Orc Burrow
09:50 Fortress
11:34 Voodoo Lounge
» items
| Scroll of Speed | 3 | |
| Lesser Clarity Potion | 2 | |
| Healing Salve | 1 | |
6 total
Chat log
(00:23 / Allies) 2xbackwrdzgldr: uhh i have like 20s of delay so this should be fun
(00:26 / Allies) glitchstep: do you know if glitchhop exists, as a genre
(00:30 / Allies) glitchstep: i would listen to it
(00:35 / Allies) TIMG4STRok: lum
(00:39 / Allies) 2xbackwrdzgldr: sounds good
(00:47 / Allies) TIMG4STRok: lum
(00:48 / Allies) TIMG4STRok: lum
(00:48 / Allies) TIMG4STRok: lum
(00:49 / Allies) TIMG4STRok: lmu
(00:49 / Allies) TIMG4STRok: lum
(00:50 / Allies) TIMG4STRok: lmu
(00:50 / Allies) TIMG4STRok: lum
(00:51 / Allies) TIMG4STRok: lum
(00:52 / Allies) TIMG4STRok: lum
(00:53 / Allies) TIMG4STRok: lum
(00:53 / Allies) TIMG4STRok: lum
(00:54 / Allies) TIMG4STRok: lum
(00:54 / Allies) TIMG4STRok: lum
(00:55 / Allies) TIMG4STRok: lum
(01:12 / Allies) glitchstep: now i get lat second pharm
(01:40 / Allies) TIMG4STRok: barracks for real
(01:49 / Allies) TIMG4STRok: we gilderbase bro
(01:51 / Allies) TIMG4STRok: gilderbro
(01:51 / Allies) glitchstep: i don't know this strat ?:-D
(01:56 / Allies) TIMG4STRok: we fuckin tp
(01:57 / Allies) TIMG4STRok: to my tol
(02:06 / Allies) glitchstep: yea. with feets
(02:11 / Allies) TIMG4STRok: wit mad milish
(02:12 / Allies) glitchstep: hehe nice my hero is trapped. sweet
(02:35 / Allies) TIMG4STRok: aim you tp south
(02:37 / Allies) TIMG4STRok: in his base
(02:38 / All) Gz]DeSyS: lo+l
(02:43 / Allies) glitchstep: lmk when
(02:50 / Allies) TIMG4STRok: get militia ready
(02:52 / Allies) TIMG4STRok: get ready
(02:53 / Allies) TIMG4STRok: any
(02:54 / Allies) TIMG4STRok: second
(02:54 / Allies) TIMG4STRok: gogogo
(02:55 / Allies) TIMG4STRok: gogogo
(03:00 / Allies) TIMG4STRok: tp
(03:01 / Allies) TIMG4STRok: now
(03:02 / Allies) TIMG4STRok: its dying
(03:02 / Allies) TIMG4STRok: go
(03:03 / Allies) TIMG4STRok: go
(03:11 / All) Gz]DeSyS: trush
(03:13 / All) Gz]DeSyS: tp on ne
(03:16 / All) Gz]DeSyS: so logik
(04:30 / Allies) TIMG4STRok: i expo
(04:30 / Allies) glitchstep: you expo shane.
(04:33 / Allies) glitchstep: we
(04:44 / Allies) TIMG4STRok: tower mains
(04:52 / Allies) TIMG4STRok: get defend
(05:51 / Allies) TIMG4STRok: brt
(05:58 / Allies) 2xbackwrdzgldr: needlum
(07:29 / Allies) 2xbackwrdzgldr: i'd help bt i have nothing
(07:32 / Allies) 2xbackwrdzgldr: why you have no towers??
(07:48 / Allies) glitchstep: fiends
(08:16 / Allies) 2xbackwrdzgldr: comin
(09:21 / Allies) 2xbackwrdzgldr: i'm goin mad caster
(09:26 / Allies) glitchstep: ok.
(09:30 / Allies) TIMG4STRok: ik got chippo
(09:43 / Allies) glitchstep: damn
(09:49 / Allies) 2xbackwrdzgldr: i creep ur expo for u mata
(10:05 / Allies) 2xbackwrdzgldr: any gold timbo?
(10:13 / Allies) 2xbackwrdzgldr: big ty
(10:18 / Allies) TIMG4STRok: orange oog out of game
(10:31 / Allies) glitchstep: red's gonna tp in in a sec
(10:51 / Allies) glitchstep: yeah back up
(12:01 / Allies) 2xbackwrdzgldr: i'll tp to you
(12:03 / Allies) glitchstep: he's gonna haunt my expo zzzzz
(12:04 / Allies) 2xbackwrdzgldr: let that fall i guess
(12:16 / Allies) TIMG4STRok: walken
(12:28 / Allies) glitchstep: im ok
(12:47 / Allies) TIMG4STRok: go
(12:47 / Allies) TIMG4STRok: shane
(13:23 / All) Gz]DeSyS: gg
(13:25 / All) glitchstep: GG
(13:40 / All) TIMG4STRok: leave noobshit
(13:56 / Allies) glitchstep: oj stayer